 Dungeon Crawl Stone Soup version 0.15.1-1-gfacfea3 (webtiles) character file.

82 zoltan the Grave Robber (level 4, 0/32 HPs)
             Began as a Human Wanderer on Sept 23, 2014.
             Was an Initiate of Trog.
             Slain by an adder (1 damage)
             ... on Level 3 of the Dungeon.
             The game lasted 00:27:12 (2303 turns).

zoltan the Grave Robber (Human Wanderer)            Turns: 2303, Time: 00:27:12

HP   0/32        AC  5     Str 14      XL: 4   Next: 70%
MP   5/5         EV 11     Int 14      God: Trog [......]
Gold 125         SH  0     Dex 15      Spells:  1 memorised,  4 levels left

rFire  . . .     SeeInvis .     a - +0 flail
rCold  + . .     Clarity  .     o - +0 leather armour
rNeg   . . .     rCorr    .     (no shield)
rPois  .         rRot     .     (no helmet)
rElec  .         Spirit   .     t - +0 cloak
SustAb .         Warding  .     i - +0 pair of gloves
rMut   .         Stasis   .     (no boots)
Gourm  .                        (no amulet)
MR     .....                    p - +3 ring of strength
                                (no ring)

@: lethally poisoned, not resistant to hostile enchantments, unstealthy
A: breathe flames 1, cold resistance 1, strong 1
a: Burn Spellbooks, Renounce Religion, Breathe Fire


You were on level 3 of the Dungeon.
You worshipped Trog.
Trog was noncommittal.
You were not hungry.

You visited 1 branch of the dungeon, and saw 3 of its levels.

You collected 125 gold pieces.

Inventory:

Hand weapons
 a - a +0 flail (weapon)
 h - a +1 dagger of venom
Missiles
 b - 36 sling bullets
 j - 28 bolts
 k - 25 arrows
 l - 18 stones (quivered)
 r - a throwing net
Armour
 i - a +0 pair of gloves (worn)
 o - a +0 leather armour (worn)
 t - a +0 cloak (worn)
Comestibles
 f - 6 bread rations
 g - 3 meat rations
 u - a royal jelly
Scrolls
 c - a scroll of identify {unknown}
 e - a scroll of noise {unknown}
 n - a scroll of blinking
Jewellery
 d - an uncursed amulet of stasis
 p - a +3 ring of strength (right hand)


   Skills:
 * Level 1.6 Fighting
 - Level 1.4 Short Blades
 * Level 0.4 Maces & Flails
 + Level 1.4 Throwing
 * Level 0.8 Armour
 + Level 1.3 Dodging
 - Level 2.4 Stealth
 - Level 1.0 Spellcasting
   Level 1.0 Conjurations
   Level 3.0 Charms
   Level 3.0 Necromancy


You had 4 spell levels left.
You knew the following spells:

 Your Spells              Type           Power        Failure   Level  Hunger
a - Corona                Hex            #......      30%         1    ##.....


Dungeon Overview and Level Annotations

Branches:
Dungeon (3/15)

Altars:
Trog


Innate Abilities, Weirdness & Mutations

You can breathe flames.
Your flesh is cold resistant.
Your muscles are strong. (Str +2)


Message History

You feel sick. The adder barely misses you. The adder closely misses you.
You hit the adder but do no damage.
The adder is severely wounded.
You feel sick. The adder bites you.
* * * LOW HITPOINT WARNING * * *
You are more poisoned.
The adder poisons you! The adder barely misses you.
You closely miss the adder.
The adder is severely wounded.
* * * LOW HITPOINT WARNING * * *
You feel sick. The adder bites you.
* * * LOW HITPOINT WARNING * * *
You are more poisoned.
The adder poisons you! The adder closely misses you.
You aren't carrying any potions.
You barely miss the adder.
The adder is severely wounded.
* * * LOW HITPOINT WARNING * * *
You feel sick. The adder bites you.
You die...

#....# . # ##....#
.......... . # ....?.....
... .# #.....#...##...# .#
.....#.......(. .#######
..##..#.$........ ...
..##...##.....#.#...#
#####......##...@S...$..(.
.........................
.........####............
..................#......
...............####'#...
.....#.................
.....#................
.....########.........
......................


You could see an adder.

Vanquished Creatures
  An adder (D:3)
  A giant mite (D:2)
  3 giant geckos
  4 orcs (D:3)
  A ball python (D:1)
  7 bats
  4 giant cockroaches
  5 hobgoblins
  10 jackals
  2 giant newts (D:2)
  5 goblins
  A kobold (D:2)
  8 rats
52 creatures vanquished.

Notes
Turn   | Place    | Note
--------------------------------------------------------------
     0 | D:1      | zoltan, the Human Wanderer, began the quest for the Orb.
     0 | D:1      | Reached XP level 1. HP: 13/13 MP: 2/2
   292 | D:1      | Reached skill level 1 in Fighting
   292 | D:1      | Reached XP level 2. HP: 19/21 MP: 3/3
   433 | D:1      | Gained mutation: You can breathe flames. [potion of mutation]
   433 | D:1      | Gained mutation: Your muscles are strong. (Str +2) [potion of mutation]
   433 | D:1      | Gained mutation: Your flesh is cold resistant. [potion of mutation]
   895 | D:1      | Reached XP level 3. HP: 19/26 MP: 4/4
  1016 | D:1      | Reached skill level 1 in Short Blades
  1469 | D:2      | Reached skill level 1 in Dodging
  1492 | D:2      | Found a bloodstained altar of Trog.
  1519 | D:2      | Became a worshipper of Trog the Wrathful
  1719 | D:2      | Reached skill level 1 in Throwing
  1719 | D:2      | Reached XP level 4. HP: 23/32 MP: 5/5
  2303 | D:3      | HP: 1/32 [poisoned by an adder]
  2303 | D:3      | Slain by an adder

Action                   |  1- 3 |  4- 6 || total
-------------------------+-------+-------++-------
Melee: Dagger            |    81 |    19 ||   100
       Flail             |       |    42 ||    42
Throw: Tomahawk          |    44 |     5 ||    49
       Stone             |     2 |    38 ||    40
       Throwing net      |     2 |     1 ||     3
Invok: Burn Spellbooks   |     1 |     1 ||     2
  Use: Potion            |     4 |       ||     4
       Scroll            |     5 |     1 ||     6
 Stab: Sleeping          |     1 |       ||     1
  Eat: Chunk             |     3 |       ||     3
       Beef jerky        |       |     1 ||     1
